Workbook

Sheet Itinerary
A1: Date | B1: Time | C1: Departure/Arrival | D1: Location | E1: Check-in/Arrival | F1: Check-out/Departure | G1: Accomodation
A2: Day 1 | C2: Departure | D2: Home
A3: Day 2 | C3: Arrival | D3: Prague
A4: Day 3 | D4: Nuremberg
A5: Day 4 | D5: Munich
A6: Day 5 | D6: Munich
A7: Day 6 | D7: Munich
A8: Day 7 | D8: Salzburg
A9: Day 8 | D9: Salzburg
A10: Day 9 | D10: Vienna
A11: Day 10 | D11: Vienna
A12: Day 11 | D12: Prague
A13: Day 12 | C13: Departure | D13: Prague
A14: Day 12 | C14: Arrival | D14: Home

Sheet Czech Republic
B1: $CAD
A2: Budget | B2: 1800
A3: Total Forecast (Activities + Food) | B3: =I56 -> 1640.4
A4: $ Available | B4: =B2-B3 -> 159.6
A5: $ Actual Spent | B5: =K56 -> 0
H6: *One Person Budget
A7: Day | B7: Date | C7: Time | D7: Activity | E7: Category | F7: Travel Time | G7: Transit | H7: Forecast Cost (Kč) | I7: Forecast Cost ($CAD) | J7: Actual Cost (Kč) | K7: Actual Cost ($CAD) | L7: Notes
A8: 1 | B8: Day 1 | C8: 0.33333333 | D8: Flight to PRG | E8: Travel | H8: 17000 | I8: =Table_1[[#This Row],[Forecast Cost (Kč)]]*0.06 -> 1020 | K8: =Table_1[[#This Row],[Actual Cost (Kč)]]*0.06 -> 0
A9: =A8 -> 1 | B9: =B8 -> Day 1 | C9: 0.375 | I9: ='Czech Republic'!$H9*0.06 -> 0 | K9: =Table_1[[#This Row],[Actual Cost (Kč)]]*0.06 -> 0
A10: =A9 -> 1 | B10: =B9 -> Day 1 | C10: 0.41666667 | I10: ='Czech Republic'!$H10*0.06 -> 0 | K10: =J10*0.06 -> 0
A11: =A10 -> 1 | B11: =B9 -> Day 1 | C11: 0.45833333 | D11: 30 day eSIM Eurolink | E11: Travel | H11: 550 | I11: ='Czech Republic'!$H11*0.06 -> 33 | K11: =J11*0.06 -> 0
A12: =A11 -> 1 | B12: =B11 -> Day 1 | C12: 0.5 | I12: ='Czech Republic'!$H12*0.06 -> 0 | K12: =J12*0.06 -> 0
A13: 2 | B13: Day 2 | C13: 0.33333333 | I13: ='Czech Republic'!$H13*0.06 -> 0 | K13: =J13*0.06 -> 0
A14: =A13 -> 2 | B14: =B13 -> Day 2 | C14: 0.375 | D14: Arrive in Prague | E14: Travel | H14: 0 | I14: ='Czech Republic'!$H14*0.06 -> 0 | K14: =J14*0.06 -> 0
A15: =A14 -> 2 | B15: =B14 -> Day 2 | C15: 0.41666667 | D15: Drop bags off at hotel | E15: Accomodation | F15: 52min airport bus | H15: 40 | I15: ='Czech Republic'!$H15*0.06 -> 2.4 | K15: =J15*0.06 -> 0 | L15: Airport Bus 119
A16: =A15 -> 2 | B16: =B15 -> Day 2 | C16: 0.45833333 | D16: 1-Day Prague CoolPass (Transit not included) (Pick up from Old Town - IC Centre Bohemia - Husova 21/156, 110 00 Prague 1) (10am-6pm) | E16: Activity | F16: 6min walk | H16: 1300 | I16: ='Czech Republic'!$H16*0.06 -> 78 | K16: =J16*0.06 -> 0
A17: =A16 -> 2 | B17: =B16 -> Day 2 | C17: 0.5 | D17: Lunch Kantýna (11:30am-11pm) (Beef tartar) | E17: Activity | F17: 11min walk | H17: 300 | I17: ='Czech Republic'!$H17*0.06 -> 18 | K17: =J17*0.06 -> 0
A18: =A17 -> 2 | B18: =B17 -> Day 2 | C18: 0.54166667 | D18: Wenceslas Square --> Jerusalem Synagogue (10am-5pm, Closed Sat)(9min walk) --> Prasna brana (7min walk) --> Jewish Quarter (All activities Closed Saturdays) (10min walk)(Spanish Synagogue (9am-4:30pm) --> Robert Guttmann Gallery (10am-6pm) --> Maisel Synagogue (9am-4:30pm) --> Old Jewish Cemetary (9am-4:30pm) --> Pinkas Synagogue (9am-4:30pm) --> Old New Synagogue (9am-4:30pm) --> Klausen Synagogue (9am-4:30pm) --> Ceremonial Hall (9am-4:30pm)) | E18: Activity | F18: 7min walk | H18: 0 | I18: ='Czech Republic'!$H18*0.06 -> 0 | K18: =J18*0.06 -> 0 | L18: 150Kc/adult admission Jerusalem Synagogue, included in Prague Cool Pass 550Kc/adult admission Prague Jewish Town (Old Jewish Cemetary, Old-New Synagogue, Spanish Synagogue, Maisel Synagogue, Pinkas Synagogue, Klausen Synagogue, Jewish Ceremonial Hall, Robert Guttmann Gallery), included in Prague Cool Pass
A19: =A18 -> 2 | B19: =B18 -> Day 2 | C19: 0.58333333 | D19: Wander Old Town (Old Town Square --> Astronomical Clock (1 min walk) (9am-7pm)--> The House at the Minute (1min walk) --> Blue Marian Column (4min walk) --> Church of our Lady before Tyn (2min walk) --> House at the Golden Ring (9am-6pm, closed Mon) (1min walk) --> Jan Hus Monument (2min walk) --> The Golz-Kinsky Palace (1min walk) --> The Stone Bell House (1min walk)(10am-8pm, Closed Mon) | E19: Activity | F19: 5min walk | H19: 0 | I19: ='Czech Republic'!$H19*0.06 -> 0 | K19: =J19*0.06 -> 0 | L19: House at the Golden Ring 180Kc/adult, included in Prague Cool Pass House at the Stone Bell 150Kc/adult, included in Prague Cool Pass
A20: =A19 -> 2 | B20: =B19 -> Day 2 | C20: 0.625 | D20: Old Town Bridge Tower (10am-6pm) --> Charles Bridge Museum (1min walk) --> Prague Venice Cruise (10am-5pm) (Tickets near Charles Bridge Museum)(Every 15mins) | E20: Activity | F20: 8min walk | H20: 0 | I20: ='Czech Republic'!$H20*0.06 -> 0 | K20: =J20*0.06 -> 0 | L20: 440Kc/adult river cruise, included in Prague Cool Pass 170Kc/adult Charles Bridge Museum, included in Prague Cool Pass
A21: =A20 -> 2 | B21: =B20 -> Day 2 | C21: 0.66666667 | I21: ='Czech Republic'!$H21*0.06 -> 0 | K21: =J21*0.06 -> 0
A22: =A21 -> 2 | B22: =B21 -> Day 2 | C22: 0.70833333 | D22: Check-in at Hotel | F22: 11min walk | H22: 0 | I22: ='Czech Republic'!$H22*0.06 -> 0 | K22: =J22*0.06 -> 0
A23: =A22 -> 2 | B23: =B22 -> Day 2 | C23: 0.75 | D23: Klementinum (9am-9pm)(Aim for tour at 6pm)(Ticket reservations available) | E23: Activity | F23: 8min walk | H23: 300 | I23: ='Czech Republic'!$H23*0.06 -> 18 | K23: =J23*0.06 -> 0
A24: =A23 -> 2 | B24: =B23 -> Day 2 | C24: 0.79166667 | D24: Dinner (Christmas Market at Old Town Square 10am-10pm) (Prazska Sunka/Prague Ham, Klobasy/Sausages, Bramboraky/Potato Pancakes, Pernik/Gingerbread, Palacinky/Pancake, Trdelnik, Svarene Vino/Mulled Wine, Vajecny Konak/Eggnog) | E24: Food | F24: 5min walk | H24: 300 | I24: ='Czech Republic'!$H24*0.06 -> 18 | K24: =J24*0.06 -> 0
A25: =A24 -> 2 | B25: =B24 -> Day 2 | C25: 0.83333333 | I25: ='Czech Republic'!$H25*0.06 -> 0 | K25: =J25*0.06 -> 0
A26: =A25 -> 2 | B26: =B25 -> Day 2 | C26: 0.875 | I26: ='Czech Republic'!$H26*0.06 -> 0 | K26: =J26*0.06 -> 0
A27: =A26 -> 2 | B27: =B26 -> Day 2 | C27: 0.91666667 | D27: Hotel Prague | E27: Accomodation | F27: 6min walk | H27: 2750 | I27: ='Czech Republic'!$H27*0.06 -> 165 | K27: =Table_1[[#This Row],[Actual Cost (Kč)]]*0.06 -> 0
A28: 3 | B28: Day 3 | C28: 0.29166667 | D28: Travel to Prague Na Knizeci Bus Station at 7:20am (Using Yellow B line) | E28: Travel | F28: 12min metro | H28: 30 | I28: ='Czech Republic'!$H28*0.06 -> 1.8 | K28: =J28*0.06 -> 0
A29: 3 | B29: Day 3 | C29: 0.3125 | D29: Breakfast (Libeřské lahůdky Mon-Fri 7am-7pm, 8am-6pm Sat-Sun) | E29: Food | F29: 3min walk | H29: 50 | I29: ='Czech Republic'!$H29*0.06 -> 3
A30: =A28 -> 3 | B30: =B28 -> Day 3 | C30: 0.33333333 | D30: Travel to Prague Na Knizeci Bus Station --> Nuremberg Central Bus Station | E30: Travel | F30: 3h 50min bus | H30: 500 | I30: ='Czech Republic'!$H30*0.06 -> 30 | K30: =J30*0.06 -> 0 | L30: Book online on Flixbus website
A31: =A30 -> 3 | B31: =B30 -> Day 3 | C31: 0.375 | I31: ='Czech Republic'!$H31*0.06 -> 0 | K31: =J31*0.06 -> 0
A32: =A31 -> 3 | B32: =B31 -> Day 3 | C32: 0.41666667 | I32: ='Czech Republic'!$H32*0.06 -> 0 | K32: =J32*0.06 -> 0
A33: 8 | B33: Day 8 | C33: 0.33333333 | I33: ='Czech Republic'!$H33*0.06 -> 0 | K33: =J33*0.06 -> 0
A34: 8 | B34: =B33 -> Day 8 | C34: 0.375 | I34: ='Czech Republic'!$H34*0.06 -> 0 | K34: =J34*0.06 -> 0
A35: 8 | B35: =B34 -> Day 8 | C35: 0.41666667 | I35: ='Czech Republic'!$H35*0.06 -> 0 | K35: =J35*0.06 -> 0
A36: 8 | B36: =B34 -> Day 8 | C36: 0.45833333 | D36: Arrive at Prague Main Station | E36: Travel | H36: 0 | I36: ='Czech Republic'!$H36*0.06 -> 0 | K36: =J36*0.06 -> 0
A37: 8 | B37: =B35 -> Day 8 | C37: 0.47916667 | D37: Buy a 24hour transit pass. Drop off bags at hotel | E37: Travel | F37: 20min train | H37: 120 | I37: ='Czech Republic'!$H37*0.06 -> 7.2 | K37: =J37*0.06 -> 0
A38: 8 | B38: =B36 -> Day 8 | C38: 0.5 | D38: Lunch U Glaubiců (10:30am-11pm) (Roast pork knuckle + Pilsner) | E38: Food | F38: 1min walk | H38: 500 | I38: ='Czech Republic'!$H38*0.06 -> 30 | K38: =J38*0.06 -> 0
A39: 8 | B39: =B38 -> Day 8 | C39: 0.54166667 | D39: Prague Castle (9am-4pm) (Stroll Golden Lane (3min walk) --> St. George's Basilica (3min walk) --> St. Vitus Cathedral (3min walk) --> Old Royal Palace(1min walk)) | E39: Activity | F39: 12min walk | H39: 250 | I39: ='Czech Republic'!$H39*0.06 -> 15 | K39: =J39*0.06 -> 0 | L39: Prague Castle 250Kc/adult; included with Prague Cool Pass
A40: 8 | B40: =B39 -> Day 8 | C40: 0.58333333 | D40: Vrtba Garden (10am-7pm) | E40: Activity | F40: 10min walk | H40: 120 | I40: ='Czech Republic'!$H40*0.06 -> 7.2 | K40: =J40*0.06 -> 0 | L40: 120Kc/adult admission. Open April-October
A41: 8 | B41: =B40 -> Day 8 | C41: 0.625 | D41: Petrin Funicular (Újezd) --> Petřín Lookout Tower | E41: Activity | F41: 7min walk | H41: =60+220 -> 280 | I41: ='Czech Republic'!$H41*0.06 -> 16.8 | K41: =J41*0.06 -> 0 | L41: 60Kc/adult for funicular (included in long term transit pass 24hr+), 220Kc/adult for the Lookout Tower
A42: 8 | B42: =B41 -> Day 8 | C42: 0.66666667 | D42: Explore Mala Strana (John Lennon Wall (4min walk) --> St. Nicholas' Church (7min walk)) | E42: Activity | F42: 13min walk | H42: 0 | I42: ='Czech Republic'!$H42*0.06 -> 0 | K42: =J42*0.06 -> 0
A43: 8 | B43: =B42 -> Day 8 | C43: 0.70833333 | D43: Check in Hotel | E43: Accomodation | F43: 2min walk | H43: 0 | I43: ='Czech Republic'!$H43*0.06 -> 0 | K43: =J43*0.06 -> 0
A44: 8 | B44: =B43 -> Day 8 | C44: 0.75 | I44: ='Czech Republic'!$H44*0.06 -> 0 | K44: =J44*0.06 -> 0
A45: 8 | B45: =B44 -> Day 8 | C45: 0.79166667 | D45: Dinner Restaurant zur Müllerin (11am-10pm) (Beef goulash with bun dumplings + Pilsner beer) | E45: Food | F45: 3min walk | H45: 300 | I45: ='Czech Republic'!$H45*0.06 -> 18 | K45: =J45*0.06 -> 0
A46: 8 | B46: =B45 -> Day 8 | C46: 0.83333333 | I46: ='Czech Republic'!$H46*0.06 -> 0 | K46: =J46*0.06 -> 0
A47: 8 | B47: =B46 -> Day 8 | C47: 0.875 | I47: ='Czech Republic'!$H47*0.06 -> 0 | K47: =J47*0.06 -> 0
A48: 8 | B48: =B47 -> Day 8 | C48: 0.91666667 | D48: Hotel Prague | E48: Accomodation | F48: 15min walk | H48: 2500 | I48: ='Czech Republic'!$H48*0.06 -> 150 | K48: =Table_1[[#This Row],[Actual Cost (Kč)]]*0.06 -> 0
A49: 9 | B49: Day 9 | C49: 0.25 | D49: Breakfast (At Airport) | E49: Food | H49: 150 | I49: =H49*0.06 -> 9 | K49: =J49*0.06 -> 0
A50: 9 | B50: =B49 -> Day 9 | C50: 0.29166667 | D50: Travel to airport | E50: Travel | F50: 45min transit | H50: 0 | I50: =H50*0.06 -> 0 | K50: =J50*0.06 -> 0
A51: 9 | B51: =B49 -> Day 9 | C51: 0.35416667 | I51: =H51*0.06 -> 0 | K51: =J51*0.06 -> 0
A52: 9 | B52: =B49 -> Day 9 | C52: 0.375 | I52: =H52*0.06 -> 0 | K52: =J52*0.06 -> 0
A53: 9 | B53: =B52 -> Day 9 | C53: 0.41666667 | D53: Flight PRG to Home | E53: Travel | H53: 0 | I53: =H53*0.06 -> 0 | K53: =J53*0.06 -> 0
A54: 9 | B54: =B53 -> Day 9 | C54: 0.45833333 | I54: =H54*0.06 -> 0 | K54: =J54*0.06 -> 0
A55: 9 | B55: =B54 -> Day 9 | C55: 0.5 | I55: =H55*0.06 -> 0 | K55: =J55*0.06 -> 0
A56: Total | H56: =SUM(H8:H55) -> 27340 | I56: =SUM(I8:I55) -> 1640.4 | J56: =SUM(J8:J55) -> 0 | K56: =SUM(K8:K55) -> 0
A61: Other Ideas
A62: 8 | B62: =B46+1 -> #VALUE! | C62: 0.33333333 | D62: Breakfast Jizerske Pekarny (6:30am-6pm Mon-Fri, 8am-12pm Sat, Closed Sun) | E62: Food | F62: 1min walk | H62: 0 | I62: ='Czech Republic'!$H62*0.06 -> 0 | K62: =J62*0.06 -> 0
A63: 8 | B63: =B47+1 -> #VALUE! | C63: 0.35416667 | D63: Walk to Prague Main Station | E63: Travel | F63: 21min walk | H63: 0
A64: 8 | B64: =B62 -> #VALUE! | C64: 0.375 | D64: Day trip Cesky Krumlov - Take Train Prague Main Station 9:21am, arrive 12pm | E64: Activity | F64: 2.5hour transit | H64: 239 | I64: ='Czech Republic'!$H64*0.06 -> 14.34 | K64: =J64*0.06 -> 0
A65: 8 | B65: =B64 -> #VALUE! | C65: 0.41666667 | I65: ='Czech Republic'!$H65*0.06 -> 0 | K65: =J65*0.06 -> 0
A66: 8 | B66: =B64 -> #VALUE! | C66: 0.45833333 | I66: ='Czech Republic'!$H66*0.06 -> 0 | K66: =J66*0.06 -> 0
A67: 8 | B67: =B66 -> #VALUE! | C67: 0.5 | D67: Wander Cesky Krumlov --> Cloak Bridge --> State Castle and Chateau Cesky Krumlov (9am-3pm, Closed Mon)(4min walk) | E67: Activity | F67: 28min wak | H67: 180 | I67: ='Czech Republic'!$H67*0.06 -> 10.8 | K67: =J67*0.06 -> 0
A68: 8 | B68: =B67 -> #VALUE! | C68: 0.54166667 | D68: Lunch Hospoda Na Louzi (10am-10pm) or Krčma v Šatlavske Ulici (11am-12am) (Grilled pork neck or pork chop) | E68: Food | F68: 12min walk | H68: 350 | I68: ='Czech Republic'!$H68*0.06 -> 21 | K68: =J68*0.06 -> 0
A69: 8 | B69: =B68 -> #VALUE! | C69: 0.58333333 | D69: St. Vitus Church (9am-4:30pm) | E69: Activity | F69: 16min walk | H69: 0 | I69: ='Czech Republic'!$H69*0.06 -> 0 | K69: =J69*0.06 -> 0
A70: 8 | B70: =B69 -> #VALUE! | C70: 0.625 | D70: Snack Trdelnik at MLS Creperie (10am-6pm) | E70: Food | F70: 4min walk | H70: 80 | I70: ='Czech Republic'!$H70*0.06 -> 4.8 | K70: =J70*0.06 -> 0
A71: 8 | B71: =B70 -> #VALUE! | C71: 0.64583333 | D71: Walk to Cesky Krumlov Auto Station | E71: Travel | F71: 15min walk | H71: 0
A72: 8 | B72: =B70 -> #VALUE! | C72: 0.66666667 | D72: Cesky Krumlov --> Prague (Flixbus 197 4pm Auto Station --> Prague Main Railway Station) | E72: Travel | F72: 2.5hour transit | H72: 229 | I72: ='Czech Republic'!$H72*0.06 -> 13.74 | K72: =J72*0.06 -> 0
A73: 8 | B73: =B72 -> #VALUE! | C73: 0.70833333 | I73: ='Czech Republic'!$H73*0.06 -> 0 | K73: =J73*0.06 -> 0
A74: 8 | B74: =B73 -> #VALUE! | C74: 0.75 | I74: ='Czech Republic'!$H74*0.06 -> 0 | K74: =J74*0.06 -> 0
A75: 8 | B75: =B74 -> #VALUE! | C75: 0.79166667 | D75: Dinner Kantýna (11:30am-11pm) (Dry Aged Beef Tartar or Pastrami sandwich? + beer) | E75: Food | F75: 9min walk | H75: 500 | I75: ='Czech Republic'!$H75*0.06 -> 30 | K75: =J75*0.06 -> 0
A76: 8 | B76: =B75 -> #VALUE! | C76: 0.83333333 | I76: ='Czech Republic'!$H76*0.06 -> 0 | K76: =J76*0.06 -> 0
A77: 8 | B77: =B76 -> #VALUE! | C77: 0.875 | I77: ='Czech Republic'!$H77*0.06 -> 0 | K77: =J77*0.06 -> 0
A78: 8 | B78: =B77 -> #VALUE! | C78: 0.91666667 | D78: Hotel Prague | E78: Accomodation | F78: 20min walk | H78: 2500 | I78: ='Czech Republic'!$H78*0.06 -> 150 | K78: =J78*0.06 -> 0

Sheet Germany
B1: $CAD
A2: Budget | B2: 1400
A3: Total Forecast (Activities + Food) | B3: =I75 -> 1202.46
A4: $ Available | B4: =B2-B3 -> 197.54
A5: $ Actual Spent | B5: =K75 -> 0
H6: *One Person Budget
A7: Day | B7: Date | C7: Time | D7: Activity | E7: Category | F7: Travel Time | G7: Transit | H7: Forecast Cost (Euro) | I7: Forecast Cost ($CAD) | J7: Actual Cost (Euro) | K7: Actual Cost ($CAD) | L7: Notes
A8: 3 | B8: Day 3 | C8: 0.33333333 | I8: =Germany!$H8*1.47 -> 0 | K8: =Germany!$J8*1.47 -> 0
A9: =A8 -> 3 | B9: =B8 -> Day 3 | C9: 0.375 | I9: =Germany!$H9*1.47 -> 0 | K9: =Germany!$J9*1.47 -> 0
A10: =A9 -> 3 | B10: =B9 -> Day 3 | C10: 0.41666667 | E10: Travel | I10: =Germany!$H10*1.47 -> 0 | K10: =Germany!$J10*1.47 -> 0
A11: =A10 -> 3 | B11: =B10 -> Day 3 | C11: 0.45833333 | D11: Arrive at Nuremberg Station | E11: Travel | H11: 0 | I11: =Germany!$H11*1.47 -> 0 | K11: =Germany!$J11*1.47 -> 0
A12: =A11 -> 3 | B12: =B11 -> Day 3 | C12: 0.5 | D12: Drop bags off at Hotel | E12: Travel | F12: 15min walk | H12: 0 | I12: =Germany!$H12*1.47 -> 0 | K12: =Germany!$J12*1.47 -> 0
A13: =A12 -> 3 | B13: =B11 -> Day 3 | C13: 0.54166667 | D13: Lunch at Hausbrauerei Altstadthof (8 Nurember Grill Sausage + Sauerkraut) (12-11pm) | E13: Food | F13: 11min walk | H13: 15 | I13: =Germany!$H13*1.47 -> 22.05 | K13: =Germany!$J13*1.47 -> 0
A14: =A13 -> 3 | B14: =B13 -> Day 3 | C14: 0.58333333 | D14: Albrecht Dürer's House (10am-5pm) --> Nuremberg Castle (10am-4pm) (Palas with Double Chapel, Imperial Castle Museum, Deep Well, Sinwell Tower, Castle Gardens, and Maria Sibylla Merian Garden)(5min walk) | E14: Activity | F14: 1min walk | H14: 7 | I14: =Germany!$H14*1.47 -> 10.29 | K14: =Germany!$J14*1.47 -> 0 | L14: Abrecht-Durer's House Admission Fee 7.50euros/person Nuremberg Castle Combination Ticket 7 euros/person (Likely only going to Nuremberg Castle)
A15: =A14 -> 3 | B15: =B14 -> Day 3 | C15: 0.625 | I15: =Germany!$H15*1.47 -> 0 | K15: =Germany!$J15*1.47 -> 0
A16: =A15 -> 3 | B16: =B15 -> Day 3 | C16: 0.66666667 | D16: Weißgerbergasse | E16: Activity | F16: 8min walk | H16: 0 | I16: =Germany!$H16*1.47 -> 0 | K16: =Germany!$J16*1.47 -> 0
A17: =A16 -> 3 | B17: =B16 -> Day 3 | C17: 0.70833333 | D17: Wander Cent4al Market Square (St. Sebald Church (9:30am-6pm) --> Schöner Brunnen (3min walk) --> Church of our Lady (Frauenkirche) (1min walk) --> Hospital of the Holy Spirit View (3min walk) --> Christmas Market at Nuremberg Hauptmarkt (3min walk)) | E17: Activity | F17: 3min walk | H17: 15 | I17: =Germany!$H17*1.47 -> 22.05 | K17: =Germany!$J17*1.47 -> 0
A18: =A17 -> 3 | B18: =B17 -> Day 3 | C18: 0.75 | E18: Activity | I18: =Germany!$H18*1.47 -> 0 | K18: =Germany!$J18*1.47 -> 0
A19: =A18 -> 3 | B19: =B18 -> Day 3 | C19: 0.79166667 | D19: Dinner ("Trödelstuben", Wein- und Bierstuben, Restaurant (11am-11pm) (Schaufele)) | E19: Food | F19: 3min walk | H19: 30 | I19: =Germany!$H19*1.47 -> 44.1 | K19: =Germany!$J19*1.47 -> 0
A20: =A19 -> 3 | B20: =B19 -> Day 3 | C20: 0.83333333 | D20: Check in Hotel | E20: Accomodation | F20: 4min walk | H20: 0 | I20: =Germany!$H20*1.47 -> 0 | K20: =Germany!$J20*1.47 -> 0
A21: =A20 -> 3 | B21: =B20 -> Day 3 | C21: 0.875 | I21: =Germany!$H21*1.47 -> 0 | K21: =Germany!$J21*1.47 -> 0
A22: =A21 -> 3 | B22: =B21 -> Day 3 | C22: 0.91666667 | D22: Hotel Nuremberg | E22: Accomodation | H22: 90 | I22: =Germany!$H22*1.47 -> 132.3 | K22: =Germany!$J22*1.47 -> 0
A23: =A8+1 -> 4 | B23: Day 4 | C23: 0.33333333 | D23: Breakfast (Included in stay?) | E23: Food | H23: 0 | I23: =Germany!$H23*1.47 -> 0 | K23: =Germany!$J23*1.47 -> 0
A24: =A23 -> 4 | B24: =B23 -> Day 4 | C24: 0.375 | D24: Travel to Nuremberg Main Station | E24: Travel | F24: 15min walk | H24: 0 | I24: =Germany!$H24*1.47 -> 0 | K24: =Germany!$J24*1.47 -> 0
A25: =A24 -> 4 | B25: =B24 -> Day 4 | C25: 0.39583333 | D25: Travel to Munich by train | E25: Travel | F25: 1h 15mins | H25: 30 | I25: =Germany!$H25*1.47 -> 44.1 | K25: =Germany!$J25*1.47 -> 0 | L25: Book Online on the Deutsche Bahn Website
A26: =A24 -> 4 | B26: =B24 -> Day 4 | C26: 0.41666667 | D26: 2-Day Munich City Pass (Purchase from Tourist office at Hauptbahnhof) (Transit included) | E26: Activity | H26: 65 | I26: =Germany!$H26*1.47 -> 95.55 | K26: =Germany!$J26*1.47 -> 0
A27: =A26 -> 4 | B27: =B26 -> Day 4 | C27: 0.45833333 | D27: Drop Bags off at Hotel | E27: Accomodation | F27: 7min walk | H27: 0 | I27: =Germany!$H27*1.47 -> 0 | K27: =Germany!$J27*1.47 -> 0
A28: =A27 -> 4 | B28: =B27 -> Day 4 | C28: 0.5 | D28: Lunch at Viktualienmarkt (Old Bavarian Potato Soup/Altbayerische Kartoffelsuppe at Münchner Suppenküche (10am-6pm, Closed Sun) + Beer Garden (9am-10pm) | E28: Food | F28: 13min transit | H28: 15 | I28: =Germany!$H28*1.47 -> 22.05 | K28: =Germany!$J28*1.47 -> 0
A29: =A28 -> 4 | B29: =B28 -> Day 4 | C29: 0.54166667 | D29: Theatine Church (7am-8pm) --> Odeonsplatz (1min walk) --> Munich Residenz Palace (10am-4pm) (Residenzmuseum, Treasury, Cuvillies Theater, Hofgarten, Hofbrunnwerk) (1min walk) --> Eisbachwelle (11min walk) --> Englische Garten (3min walk) | E29: Activity | F29: 6min transit | H29: 0 | I29: =Germany!$H29*1.47 -> 0 | K29: =Germany!$J29*1.47 -> 0 | L29: 17euros/adult for Munich Residenz (Residenzmuseum + Treasury + Cuvilliés Theater); included in Munich City Pass
A30: =A29 -> 4 | B30: =B29 -> Day 4 | C30: 0.58333333 | D30: Bavarian National Museum/Bayerisches National Museum (Tues-Weds, Fri-Sun 10am-5pm; Thurs 10am-8pm, Closed Mon) | E30: Activity | F30: 7min walk | H30: 0 | I30: =Germany!$H30*1.47 -> 0 | K30: =Germany!$J30*1.47 -> 0 | L30: 10euros/adult Bavarian National Museum Permanent and Special Exhibition; included in Munich City Pass
A31: =A30 -> 4 | B31: =B30 -> Day 4 | C31: 0.625 | I31: =Germany!$H31*1.47 -> 0 | K31: =Germany!$J31*1.47 -> 0
A32: =A31 -> 4 | B32: =B31 -> Day 4 | C32: 0.66666667 | D32: Explore Old Town (Church of our Lady/Frauenkirche (8am-8pm) (9min walk) --> St Peter's Church (7:30am-7pm)/Alter Peter (12-4:30pm) (4min walk) --> New Town Hall/Neues Rathaus/Aussichtsplattform - Rathausturm (10am-7pm) (1min walk) --> Rathaus-Glockenspiel (1min walk)--> Alter Hof (10am-6pm, Closed Sun) (4min walk)) | E32: Activity | F32: 18min transit | H32: 0 | I32: =Germany!$H32*1.47 -> 0 | K32: =Germany!$J32*1.47 -> 0 | L32: New Town Hall Tower 6.50euros/adult; included in Munich City Pass.
A33: =A32 -> 4 | B33: =B32 -> Day 4 | C33: 0.70833333 | I33: =Germany!$H33*1.47 -> 0 | K33: =Germany!$J33*1.47 -> 0
A34: =A33 -> 4 | B34: =B33 -> Day 4 | C34: 0.75 | D34: Dinner Hofbrauhaus Munchen (11am-12am) (Roast pork with crackling/Krustenschweinebraten + Hofbrau Original Beer) | E34: Food | F34: 2min walk | H34: 30 | I34: =Germany!$H34*1.47 -> 44.1 | K34: =Germany!$J34*1.47 -> 0
A35: =A34 -> 4 | B35: =B34 -> Day 4 | C35: 0.79166667 | D35: Apple Strudel at Christmas Market | E35: Food | H35: 7 | I35: =Germany!$H35*1.47 -> 10.29 | K35: =Germany!$J35*1.47 -> 0
A36: =A35 -> 4 | B36: =B35 -> Day 4 | C36: 0.83333333 | D36: Check in at Hotel | E36: Accomodation | F36: 22min transit | H36: 0 | I36: =Germany!$H36*1.47 -> 0 | K36: =Germany!$J36*1.47 -> 0
A37: =A36 -> 4 | B37: =B36 -> Day 4 | C37: 0.875 | I37: =Germany!$H37*1.47 -> 0 | K37: =Germany!$J37*1.47 -> 0
A38: =A37 -> 4 | B38: =B26 -> Day 4 | C38: 0.91666667 | D38: Hotel Munich | E38: Accomodation | F38: 9min transit | H38: 100 | I38: =Germany!$H38*1.47 -> 147 | K38: =Germany!$J38*1.47 -> 0
A39: =A38+1 -> 5 | B39: Day 5 | C39: 0.33333333 | D39: Breakfast (Ratschiller's Backerei und Cafe im Olympiadorf Sat-Sun 7am-4pm, Mon-Fri 6am-5pm) | E39: Food | F39: 16min transit | H39: 5 | I39: =Germany!$H39*1.47 -> 7.35 | K39: =Germany!$J39*1.47 -> 0
A40: =A39 -> 5 | B40: =B39 -> Day 5 | C40: 0.375 | D40: Olympic Tower (Olympiaturm) (9am-11pm) | E40: Activity | F40: 14min walk | H40: 0 | I40: =Germany!$H40*1.47 -> 0 | K40: =Germany!$J40*1.47 -> 0 | L40: 13euros/adult, included in Munich City Pass; did not go
A41: =A40 -> 5 | B41: =B40 -> Day 5 | C41: 0.41666667 | I41: =Germany!$H41*1.47 -> 0 | K41: =Germany!$J41*1.47 -> 0
A42: =A41 -> 5 | B42: =B41 -> Day 5 | C42: 0.45833333 | D42: BMW Welt + Museum (10am-6pm, Closed Mon, Thurs, and Fri) | E42: Activity | F42: 12min walk | H42: 10 | I42: =Germany!$H42*1.47 -> 14.7 | K42: =Germany!$J42*1.47 -> 0 | L42: 10euros/adult BMW Museum; BMW Welt is free
A43: =A42 -> 5 | B43: =B42 -> Day 5 | C43: 0.5 | D43: Lunch Backspielhaus near Nymphenburg Palace | E43: Food | F43: 27min transit | H43: 10 | I43: =Germany!$H43*1.47 -> 14.7 | K43: =Germany!$J43*1.47 -> 0
A44: =A43 -> 5 | B44: =B43 -> Day 5 | C44: 0.54166667 | D44: Nymphenburg Palace (10am-4pm) (Palace, Marstallmuseum, Park Palaces) | E44: Activity | F44: 10min walk | H44: 0 | I44: =Germany!$H44*1.47 -> 0 | K44: =Germany!$J44*1.47 -> 0 | L44: 12euros/adult for Palace Combination ticket; included in Munich City Pass
A45: =A44 -> 5 | B45: =B44 -> Day 5 | C45: 0.58333333 | I45: =Germany!$H45*1.47 -> 0 | K45: =Germany!$J45*1.47 -> 0
A46: =A45 -> 5 | B46: =B45 -> Day 5 | C46: 0.625 | D46: Deutsches Museum (9am-5pm) or Museum Brandhorst (Tues-Weds, Fri-Sun 10am-6pm; Thurs 10am-8pm, Closed Mon) | E46: Activity | F46: 42min transit | H46: 0 | I46: =Germany!$H46*1.47 -> 0 | K46: =Germany!$J46*1.47 -> 0 | L46: 15euros/adult Deutsche Museum; included in Munich City Pass 7euros/adult Brandhorst Museum; included in Munich City Pass; did not go
A47: =A46 -> 5 | B47: =B46 -> Day 5 | C47: 0.66666667 | D47: Alte Pinakothek (10am-6pm, Tues-Weds 10am-8pm) | E47: Activity | F47: 31min transit | H47: 0 | I47: =Germany!$H47*1.47 -> 0 | K47: =Germany!$J47*1.47 -> 0 | L47: Alte Pinakotheken 12euros/adult (Pinakotheken, Museum Brandhorst, Schack Collection); included in Munich City Pass
A48: =A47 -> 5 | B48: =B47 -> Day 5 | C48: 0.70833333 | I48: =Germany!$H48*1.47 -> 0 | K48: =Germany!$J48*1.47 -> 0
A49: =A48 -> 5 | B49: =B48 -> Day 5 | C49: 0.75 | D49: Dinner Steinheil 16 (11am-1am) (Steinheil viennese-style pork schnitzel) | E49: Food | F49: 8min walk | H49: 25 | I49: =Germany!$H49*1.47 -> 36.75 | K49: =Germany!$J49*1.47 -> 0
A50: =A49 -> 5 | B50: =B49 -> Day 5 | C50: 0.79166667 | D50: Königsplatz (8min walk) | E50: Activity | F50: 7min walk | H50: 0 | I50: =Germany!$H50*1.47 -> 0 | K50: =Germany!$J50*1.47 -> 0
A51: =A50 -> 5 | B51: =B50 -> Day 5 | C51: 0.83333333 | D51: Christmas Market at Marienplatz | E51: Activity | H51: 0 | I51: =Germany!$H51*1.47 -> 0 | K51: =Germany!$J51*1.47 -> 0
A52: =A51 -> 5 | B52: =B51 -> Day 5 | C52: 0.875 | I52: =Germany!$H52*1.47 -> 0 | K52: =Germany!$J52*1.47 -> 0
A53: =A52 -> 5 | B53: =B52 -> Day 5 | C53: 0.91666667 | D53: Hotel Munich | E53: Accomodation | F53: 11min walk | H53: 100 | I53: =Germany!$H53*1.47 -> 147 | K53: =Germany!$J53*1.47 -> 0
A54: =A53+1 -> 6 | B54: Day 6 | C54: 0.29166667 | D54: Breakfast (Muller Cafe & Backerei 6:30am-6:30pm, 7am-6pm Sat, 8am-1pm Sun) | E54: Food | F54: 14min walk | H54: 5 | I54: =Germany!$H54*1.47 -> 7.35 | K54: =Germany!$J54*1.47 -> 0
A55: 6 | B55: =B54 -> Day 6 | C55: 0.33333333 | D55: Day trip to Linderhof Palace, Oberammergau, and Neuschwanstein Castle (Meet at 8:30am Karlsplatz 21, Karlsplatz 21, 80335 Munchen, Germany) | E55: Activity | F55: 3min walk | H55: 75 | I55: =Germany!$H55*1.47 -> 110.25 | K55: =Germany!$J55*1.47 -> 0 | L55: https://www.viator.com/en-CA/tours/Munich/Royal-Castles-of-Neuschwanstein-and-Linderhof-Day-Tour-from-Munich/d487-285016
A56: =A54 -> 6 | B56: =B54 -> Day 6 | C56: 0.375 | I56: =Germany!$H56*1.47 -> 0 | K56: =Germany!$J56*1.47 -> 0
A57: =A56 -> 6 | B57: =B56 -> Day 6 | C57: 0.41666667 | D57: Linderhof Palace (10am-4:30pm) | E57: Activity | F57: 2hour tour bus | H57: 9 | I57: =Germany!$H57*1.47 -> 13.23 | K57: =Germany!$J57*1.47 -> 0
A58: =A57 -> 6 | B58: =B57 -> Day 6 | C58: 0.45833333 | D58: Oberammergau | E58: Activity | F58: 15min tour bus | H58: 0 | I58: =Germany!$H58*1.47 -> 0 | K58: =Germany!$J58*1.47 -> 0
A59: =A58 -> 6 | B59: =B58 -> Day 6 | C59: 0.5 | I59: =Germany!$H59*1.47 -> 0 | K59: =Germany!$J59*1.47 -> 0
A60: =A59 -> 6 | B60: =B59 -> Day 6 | C60: 0.54166667 | D60: Lunch Restaurant Alpenstuben (10:30am-8pm) (Knödeltrio) or pick up sandwich from Muller Bistro Cafe | E60: Food | F60: 45min tour bus | H60: 15 | I60: =Germany!$H60*1.47 -> 22.05 | K60: =Germany!$J60*1.47 -> 0
A61: =A60 -> 6 | B61: =B60 -> Day 6 | C61: 0.58333333 | D61: Neuschwanstein Castle (10am-4pm) | E61: Activity | F61: 25min walk | H61: 15 | I61: =Germany!$H61*1.47 -> 22.05 | K61: =Germany!$J61*1.47 -> 0 | L61: Purchased on the bus - includes the Linderhof Palace as well
A62: =A61 -> 6 | B62: =B61 -> Day 6 | C62: 0.625 | I62: =Germany!$H62*1.47 -> 0 | K62: =Germany!$J62*1.47 -> 0
A63: =A62 -> 6 | B63: =B62 -> Day 6 | C63: 0.66666667 | D63: Walk down to bus | E63: Activity | F63: 25min walk | H63: 0 | I63: =Germany!$H63*1.47 -> 0 | K63: =Germany!$J63*1.47 -> 0
A64: =A63 -> 6 | B64: =B63 -> Day 6 | C64: 0.70833333 | D64: Return to Munich | E64: Activity | F64: 2hour tour bus | H64: 0 | I64: =Germany!$H64*1.47 -> 0 | K64: =Germany!$J64*1.47 -> 0
A65: =A64 -> 6 | B65: =B64 -> Day 6 | C65: 0.75 | I65: =Germany!$H65*1.47 -> 0 | K65: =Germany!$J65*1.47 -> 0
A66: =A65 -> 6 | B66: =B65 -> Day 6 | C66: 0.79166667 | D66: Dinner Christmas Market at Marienplatz (Rahm Schmankerl/Flatbread, Spaetzle, Leberkäse Sausage, Lebkuchen/Gingerbread, Gluhwein/Mulled Wine, Pretzel, Apfelstrudel/Apple Strudel) Or Ratskeller Munchen 11am-11pm (Spaetzle) OR Wildmosers Restaurant-Cafe am Marienplatz (9am-12am) | E66: Food | F66: 10min walk | H66: 15 | I66: =Germany!$H66*1.47 -> 22.05 | K66: =Germany!$J66*1.47 -> 0 | L66: Spaetzle and bratwurst
A67: =A66 -> 6 | B67: =B66 -> Day 6 | C67: 0.83333333 | I67: =Germany!$H67*1.47 -> 0 | K67: =Germany!$J67*1.47 -> 0
A68: =A67 -> 6 | B68: =B67 -> Day 6 | C68: 0.875 | I68: =Germany!$H68*1.47 -> 0 | K68: =Germany!$J68*1.47 -> 0
A69: =A68 -> 6 | B69: =B68 -> Day 6 | C69: 0.91666667 | D69: Hotel Munich | E69: Accomodation | F69: 21min walk | H69: 100 | I69: =Germany!$H69*1.47 -> 147 | K69: =Germany!$J69*1.47 -> 0
A70: =A69+1 -> 7 | B70: Day 7 | C70: 0.29166667 | D70: Breakfast (Bakery - Richart Bakery in Main Station) | E70: Food | H70: 5 | I70: =Germany!$H70*1.47 -> 7.35 | K70: =Germany!$J70*1.47 -> 0
A71: =A70 -> 7 | B71: =B70 -> Day 7 | C71: 0.3125 | D71: Walk to Munchen Hbf | E71: Travel | F71: 7min walk | H71: 0 | I71: =Germany!$H71*1.47 -> 0 | K71: =Germany!$J71*1.47 -> 0
A72: =A71 -> 7 | B72: =B71 -> Day 7 | C72: 0.33333333 | D72: Travel Munchen Hbf --> Salzburg Main Station | E72: Travel | F72: 1hr 43mins train | H72: 25 | I72: =Germany!$H72*1.47 -> 36.75 | K72: =Germany!$J72*1.47 -> 0 | L72: Book online on the OBB Website
A73: =A72 -> 7 | B73: =B72 -> Day 7 | C73: 0.375 | I73: =Germany!$H73*1.47 -> 0 | K73: =Germany!$J73*1.47 -> 0
A74: =A73 -> 7 | B74: =B73 -> Day 7 | C74: 0.41666667 | I74: =Germany!$H74*1.47 -> 0 | K74: =Germany!$J74*1.47 -> 0
A75: Total | H75: =SUM(H8:H74) -> 818 | I75: =SUM(I8:I74) -> 1202.46 | J75: =SUM(J8:J74) -> 0 | K75: =SUM(K8:K53) -> 0

Sheet Austria
B1: $CAD
A2: Budget | B2: 1600
A3: Total Forecast (Activities + Food) | B3: =I80 -> 1519.98
A4: $ Available | B4: =B2-B3 -> 80.02
A5: $ Actual Spent | B5: =K80 -> 0
H6: *One Person Budget
A7: Day | B7: Date | C7: Time | D7: Activity | E7: Category | F7: Travel Time | G7: Transit | H7: Forecast Cost (Euro) | I7: Forecast Cost ($CAD) | J7: Actual Cost (Euro) | K7: Actual Cost ($CAD) | L7: Notes
A8: 7 | B8: Day 7 | C8: 0.33333333 | E8: Travel | I8: =Austria!$H8*1.47 -> 0 | K8: =Austria!$J8*1.47 -> 0
A9: 7 | B9: =B8 -> Day 7 | C9: 0.375 | D9: 48 hour Salzburg Card (Pick up from Salzburg Hbf Tourist Office)(Transit included) | E9: Activity | H9: 35 | I9: =Austria!$H9*1.47 -> 51.45 | K9: =Austria!$J9*1.47 -> 0 | L9: Get the 24 hour Salzburg Card (Includes all transit and some attractions) https://www.salzburg.info/en/hotels-offers/salzburg-card
A10: =A9 -> 7 | B10: =B9 -> Day 7 | C10: 0.41666667 | D10: Arrive at Salzburg --> Luggage storage | E10: Travel | H10: 4.5 | I10: =Austria!$H10*1.47 -> 6.615 | K10: =Austria!$J10*1.47 -> 0 | L10: 4.50 euros/large locker
A11: =A10 -> 7 | B11: =B10 -> Day 7 | C11: 0.45833333 | D11: Mozart Residence (9am-5:30pm) | E11: Activity | F11: 8min bus | H11: 0 | I11: =Austria!$H11*1.47 -> 0 | K11: =Austria!$J11*1.47 -> 0 | L11: 12 euros/adult for Mozart's Residence; included in Salzburg Card
A12: =A11 -> 7 | B12: =B11 -> Day 7 | C12: 0.47916667 | D12: DomQuartier Salzburg (10am-5pm, Closed Tuesday) | E12: Activity | F12: 9min walk | H12: 0 | I12: =Austria!$H12*1.47 -> 0 | K12: =Austria!$J12*1.47 -> 0 | L12: DomQuartier 13euros/adult, included in Salzburg Card
A13: =A11 -> 7 | B13: =B11 -> Day 7 | C13: 0.5 | D13: Lunch Zwettler's Wirtshaus (11:30am-11pm) (Kaiser Karl beer goulash) | E13: Food | F13: 4min walk | H13: 25 | I13: =Austria!$H13*1.47 -> 36.75 | K13: =Austria!$J13*1.47 -> 0
A14: =A13 -> 7 | B14: =B13 -> Day 7 | C14: 0.54166667 | D14: Hohensalzburg Fortress (9:30am-5pm) + Panorama Tour | E14: Activity | F14: 13min walk | H14: 0 | I14: =Austria!$H14*1.47 -> 0 | K14: =Austria!$J14*1.47 -> 0 | L14: Hohensalzburg Fortress 14 euros/adult, included in Salzburg Card
A15: =A14 -> 7 | B15: =B14 -> Day 7 | C15: 0.58333333 | D15: Norbert Abbey (6:30am-6pm) | E15: Activity | H15: 0 | I15: =Austria!$H15*1.47 -> 0 | K15: =Austria!$J15*1.47 -> 0
A16: =A15 -> 7 | B16: =B15 -> Day 7 | C16: 0.60416667 | D16: St. Peter's Abbey Site (Catacombs, Church, and Cemetary) (10am-12:30pm, 1-5pm) | E16: Activity | F16: 7min walk | H16: 0 | I16: =Austria!$H16*1.47 -> 0 | K16: =Austria!$J16*1.47 -> 0 | L16: Admission to St. Peters Catacombs 2 euros/adult, included in Salzburg Card
A17: =A15 -> 7 | B17: =B15 -> Day 7 | C17: 0.625 | D17: Wander Salzburg Old Town (Salzburg Cathedral (9am-5pm, 1-5pm Sun) --> Residenzplatz (2min walk) --> Mozartplatz (2min walk) --> Cafe Konditorei Fürst (Buy Chocolates 9am-7pm, Sun 10am-5pm)(3min walk) --> Mozart's Birthplace (9am-5:30pm)(4min walk)) —> Pferdeschwemme (Hofmarstallschwemme) | E17: Activity | F17: 6min walk | H17: 15 | I17: =Austria!$H17*1.47 -> 22.05 | K17: =Austria!$J17*1.47 -> 0 | L17: Mozart's Birthplace 12euros/adult, included in Salzburg Card 3.5euros/adult for Cathedral with Salzburg Card (without 5 euros/adult). Buy chocolates (pistachio marzipan) from Konditorei Fürst
A18: =A17 -> 7 | B18: =B17 -> Day 7 | C18: 0.66666667 | I18: =Austria!$H18*1.47 -> 0 | K18: =Austria!$J18*1.47 -> 0
A19: =A18 -> 7 | B19: =B18 -> Day 7 | C19: 0.70833333 | D19: View from Mönschberg (Take the Mönschberg Lift) (8am-7pm Mon, 8am-9pm) | E19: Activity | F19: 6min walk | H19: 0 | I19: =Austria!$H19*1.47 -> 0 | K19: =Austria!$J19*1.47 -> 0 | L19: Monschberg Lift 4.20 euros/adult, included in Salzburg Card
A20: =A19 -> 7 | B20: =B19 -> Day 7 | C20: 0.75 | D20: Museum der Moderne (10am-6pm, Closed Mon) (if time permits) | E20: Activity | F20: 5min using lift | H20: 0 | I20: =Austria!$H20*1.47 -> 0 | K20: =Austria!$J20*1.47 -> 0 | L20: Museum of Modern Art 13 euros/adult, included in Salzburg Card
A21: =A20 -> 7 | B21: =B20 -> Day 7 | C21: 0.79166667 | D21: Dinner (Christmas Market at Residenzplatz or Mirabellplatz (10am-8:30pm) (Haunsberger, Bosna, Kasespatzle, Gluhwein)) or at Restaurant Kohlpeter | E21: Food | F21: 12min walk | H21: 30 | I21: =Austria!$H21*1.47 -> 44.1 | K21: =Austria!$J21*1.47 -> 0
A22: =A21 -> 7 | B22: =B21 -> Day 7 | C22: 0.83333333 | D22: Pick-up bag from Salzburg Train Station | E22: Travel | F22: 5min train | H22: 0 | I22: =Austria!$H22*1.47 -> 0 | K22: =Austria!$J22*1.47 -> 0
A23: =A22 -> 7 | B23: =B22 -> Day 7 | C23: 0.875 | D23: Check-in Hotel (before 9pm) | E23: Accomodation | F23: 17min tram | H23: 0 | I23: =Austria!$H23*1.47 -> 0 | K23: =Austria!$J23*1.47 -> 0
A24: =A23+1 -> 8 | B24: =B23 -> Day 7 | C24: 0.91666667 | D24: Hotel Salzburg | E24: Accomodation | H24: 105 | I24: =Austria!$H24*1.47 -> 154.35 | K24: =Austria!$J24*1.47 -> 0
A25: 8 | B25: Day 8 | C25: 0.33333333 | D25: Breakfast (Pastry from Bäckerei SiegfriedUrsprunger GmbH 7am-3pm Tuesday-Sat) | E25: Food | F25: 15min bus | H25: 5 | I25: =Austria!$H25*1.47 -> 7.35 | K25: =Austria!$J25*1.47 -> 0
A26: =A25 -> 8 | B26: =B25 -> Day 8 | C26: 0.375 | D26: Museum of Natural History and Technology (9am-5pm) | E26: Activity | H26: 0 | I26: =Austria!$H26*1.47 -> 0 | K26: =Austria!$J26*1.47 -> 0 | L26: Included in Salzburg Card
A27: =A26 -> 8 | B27: =B26 -> Day 8 | C27: 0.41666667 | D27: Pferdeschwemme (Hofmarstallschwemme) —> Salzburg Cathedral (9am-5pm) | H27: 3.5 | I27: =Austria!$H27*1.47 -> 5.145 | K27: =Austria!$J27*1.47 -> 0 | L27: Discount with Salzburg Card
A28: =A27 -> 8 | B28: =B27 -> Day 8 | C28: 0.45833333 | D28: Mirabell Palace Garden (8am-6pm, Closed Mon) | E28: Activity | F28: 14min bus | H28: 0 | I28: =Austria!$H28*1.47 -> 0 | K28: =Austria!$J28*1.47 -> 0
A29: =A28 -> 8 | B29: =B28 -> Day 8 | C29: 0.47916667 | D29: Lunch (?) Bistro de Marquez (9:30am-2:30pm, 4-8pm Saturday, Weds-Fri 11:30am-2:30pm, 4-7pm) or Backwerk | E29: Food | F29: 3min walk | H29: 0 | K29: =Table_4[[#This Row],[Actual Cost (Euro)]]*1.47 -> 0
A30: =A28 -> 8 | B30: =B28 -> Day 8 | C30: 0.5 | D30: Day trip to Salzkammergut/Hallstat (Meet at 12pm at Salzburg Panorama Tours) | E30: Activity | F30: 2min walk | H30: 72 | I30: =Austria!$H30*1.47 -> 105.84 | K30: =Table_4[[#This Row],[Actual Cost (Euro)]]*1.47 -> 0 | L30: https://www.getyourguide.com/-t51222?locale=en-CA&currency=CAD&src=e&product_id=51222&option_id=69917&ttdwk45=45&lang=en&date_from=2023-12-20&_pc=1,1
A31: =A30 -> 8 | B31: =B30 -> Day 8 | C31: 0.54166667 | D31: Lunch at Maik's Heiße Hütte (?) or SeeCafe (9am-6pm) (If did not have lunch in Salzburg) | E31: Food | F31: 1hour drive | H31: 10 | I31: =Austria!$H31*1.47 -> 14.7 | K31: =Austria!$J31*1.47 -> 0
A32: =A31 -> 8 | B32: =B31 -> Day 8 | C32: 0.58333333 | D32: Wander the town (Classic Village Viewpoint) | E32: Activity | F32: 15min walk | H32: 0 | I32: =Austria!$H32*1.47 -> 0 | K32: =Austria!$J32*1.47 -> 0
A33: =A32 -> 8 | B33: =B32 -> Day 8 | C33: 0.625 | D33: St. Michael's Church and Bone House/Hallstatt Charnel Housr (11:30am-3pm) | E33: Activity | F33: 3min walk | H33: 1.5 | I33: =Austria!$H33*1.47 -> 2.205 | K33: =Austria!$J33*1.47 -> 0
A34: =A33 -> 8 | B34: =B33 -> Day 8 | C34: 0.66666667 | I34: =Austria!$H34*1.47 -> 0 | K34: =Austria!$J34*1.47 -> 0
A35: =A34 -> 8 | B35: =B34 -> Day 8 | C35: 0.70833333 | I35: =Austria!$H35*1.47 -> 0 | K35: =Austria!$J35*1.47 -> 0
A36: =A35 -> 8 | B36: =B35 -> Day 8 | C36: 0.75 | D36: Return to Salzburg | E36: Activity | F36: 1hour drive | H36: 0 | I36: =Austria!$H36*1.47 -> 0 | K36: =Austria!$J36*1.47 -> 0
A37: =A36 -> 8 | B37: =B36 -> Day 8 | C37: 0.79166667 | D37: Dinner at Sternbräu (9am-12am) (Oven fresh roast pork or Sternbräu-Bratwurst + Star beer) | E37: Food | F37: 13min walk | H37: 25 | I37: =Austria!$H37*1.47 -> 36.75 | K37: =Austria!$J37*1.47 -> 0
A38: =A37 -> 8 | B38: =B37 -> Day 8 | C38: 0.83333333 | I38: =Austria!$H38*1.47 -> 0 | K38: =Austria!$J38*1.47 -> 0
A39: =A38 -> 8 | B39: =B38 -> Day 8 | C39: 0.875 | I39: =Austria!$H39*1.47 -> 0 | K39: =Austria!$J39*1.47 -> 0
A40: 8 | B40: =B39 -> Day 8 | C40: 0.91666667 | D40: Hotel Salzburg | E40: Accomodation | F40: 20min bus | H40: 105 | I40: =Austria!$H40*1.47 -> 154.35 | K40: =Austria!$J40*1.47 -> 0
A41: 9 | B41: Day 9 | C41: 0.29166667 | D41: Breakfast (Bakery at HBF) | E41: Food | H41: 5 | I41: =H41*1.47 -> 7.35 | K41: =J41*1.47 -> 0
A42: 9 | B42: Day 9 | C42: 0.3125 | D42: Travel to Salzburg Hbf | E42: Travel | F42: 17min tram | H42: 0 | L42: Public transit included in Salzburg Card
A43: 9 | B43: =B42 -> Day 9 | C43: 0.33333333 | D43: Travel to Salzburg Hbf (Westbahn) --> Vienna Westbahnhof | E43: Travel | F43: 2.5hr train | H43: 30 | I43: =Austria!$H43*1.47 -> 44.1 | K43: =Austria!$J43*1.47 -> 0 | L43: Book online using the Westbahn website
A44: 9 | B44: =B43 -> Day 9 | C44: 0.375 | I44: =Austria!$H44*1.47 -> 0 | K44: =Austria!$J44*1.47 -> 0
A45: 9 | B45: =B43 -> Day 9 | C45: 0.41666667 | I45: =Austria!$H45*1.47 -> 0 | K45: =Austria!$J45*1.47 -> 0
A46: 9 | B46: =B45 -> Day 9 | C46: 0.45833333 | D46: Arrive at Vienna Westbahnof at 10:52am | I46: =Austria!$H46*1.47 -> 0 | K46: =Austria!$J46*1.47 -> 0
B47: =B46 -> Day 9 | C47: 0.47916667 | D47: Pick up 48hour Vienna City Card (transit included, discounts on tickets instead) | E47: Activity | F47: 17min bus | H47: 25 | I47: =Austria!$H47*1.47 -> 36.75 | K47: =Austria!$J47*1.47 -> 0 | L47: Vienna Pass 110euros/adult or Vienna City Card (25euros/adult). Vienna City Card has unlimited transit.
A48: 9 | B48: =B46 -> Day 9 | C48: 0.5 | D48: Drop bags off at Hotel | E48: Accomodation | F48: 30min transit | H48: 0 | I48: =Austria!$H48*1.47 -> 0 | K48: =Austria!$J48*1.47 -> 0
A49: 9 | B49: =B48 -> Day 9 | C49: 0.54166667 | D49: Lunch Figlmüller Bäckerstraße (11:30am-11pm) (Figlmüller-Schnitzel) or Lugeck (11:30am-11pm) | E49: Food | F49: 9min walk | H49: 35 | I49: =Austria!$H49*1.47 -> 51.45 | K49: =Austria!$J49*1.47 -> 0
A50: 9 | B50: =B49 -> Day 9 | C50: 0.58333333 | D50: St Stephens Cathedral (9am-11:30am (Mon-Sun), 1-4:30pm (Sun)) --> Augustinerkirche —> Austrian National Library (10am-6pm, Closed Mon)(8min walk) | E50: Activity | F50: 4min walk | H50: 8 | I50: =Austria!$H50*1.47 -> 11.76 | K50: =Austria!$J50*1.47 -> 0 | L50: Austrian National Library State Hall 10 euros/adult - included with Vienna Pass; St. Stephen's Cathedral free entrance, some areas are paid
A51: 9 | B51: =B50 -> Day 9 | C51: 0.625 | D51: Hofburg Palace (8am-6pm) (Sisi Museum) | E51: Activity | F51: 8min walk | H51: 17.5 | I51: =Austria!$H51*1.47 -> 25.725 | L51: Hofburg Palace 17.50euros/adult; included with Vienna Pass. Discount with Vienna City Card.
A52: 9 | B52: =B51 -> Day 9 | C52: 0.66666667 | D52: Kunsthistorische Museum (10am-6pm, Closed Mon) | E52: Activity | F52: 3min walk | H52: 18 | I52: =Austria!$H52*1.47 -> 26.46 | K52: =Austria!$J52*1.47 -> 0 | L52: Kunsthistorische Museum 21euros/adult, included with Vienna Pass
A53: 9 | B53: =B52 -> Day 9 | C53: 0.70833333 | D53: Albertina (10am-6pm) | E53: Activity | F53: 12min walk | H53: 16.9 | I53: =Austria!$H53*1.47 -> 24.843 | K53: =Austria!$J53*1.47 -> 0 | L53: Albertina 18.90euros/adult; included with Vienna Pass
A54: 9 | B54: =B53 -> Day 9 | C54: 0.75 | D54: Vienna Opera House (Wiener Staatsoper) | E54: Activity | F54: 4min walk | H54: 0 | I54: =Austria!$H54*1.47 -> 0 | K54: =Austria!$J54*1.47 -> 0
A55: 9 | B55: =B54 -> Day 9 | C55: 0.79166667 | D55: Dinner (Christmas Market by City Hall/Rathaus der Stadt Wien) (10am-10pm) (Raclette, Kartoffelknödel, Kaiserschmarrn, Langos, and Punsch) | E55: Food | F55: 24min walk | H55: 30 | I55: =Austria!$H55*1.47 -> 44.1 | K55: =Austria!$J55*1.47 -> 0
A56: 9 | B56: =B55 -> Day 9 | C56: 0.83333333 | I56: =Austria!$H56*1.47 -> 0 | K56: =Austria!$J56*1.47 -> 0
A57: 9 | B57: =B56 -> Day 9 | C57: 0.875 | I57: =Austria!$H57*1.47 -> 0 | K57: =Austria!$J57*1.47 -> 0
A58: 9 | B58: =B57 -> Day 9 | C58: 0.91666667 | D58: Hotel Vienna | E58: Accomodation | F58: 11min walk | H58: 115 | I58: =Austria!$H58*1.47 -> 169.05 | K58: =Table_4[[#This Row],[Actual Cost (Euro)]]*1.47 -> 0
A59: 10 | B59: Day 10 | C59: 0.33333333 | D59: Breakfast (Bakery Cafe Felzl Sat 8am-4pm, Sun 8am-12:30pm, Mon-Fri 6:45am-6:30pm) | E59: Food | F59: 7min walk | H59: 5 | I59: =Austria!$H59*1.47 -> 7.35 | K59: =Austria!$J59*1.47 -> 0
A60: 10 | B60: =B59 -> Day 10 | C60: 0.375 | D60: Schönbrunn Palace (9am-5pm) (Yellow Line 1-->30) | E60: Activity | F60: 30min transit | H60: 29 | I60: =Austria!$H60*1.47 -> 42.63 | K60: =Austria!$J60*1.47 -> 0
A61: 10 | B61: =B60 -> Day 10 | C61: 0.41666667 | I61: =Austria!$H61*1.47 -> 0 | K61: =Austria!$J61*1.47 -> 0
A62: 10 | B62: =B61 -> Day 10 | C62: 0.45833333 | D62: Lunch Leberkas-Pepi Wien Operngasse (10am-12am, Closed Sun) | E62: Food | F62: 10min walk | H62: 10 | I62: =Austria!$H62*1.47 -> 14.7 | K62: =Austria!$J62*1.47 -> 0
A63: 10 | B63: =B62 -> Day 10 | C63: 0.5 | D63: Karlkirche—> Wander Naschmarkt | E63: Activity | F63: 9min walk | H63: 0 | I63: =Austria!$H63*1.47 -> 0 | K63: =Austria!$J63*1.47 -> 0
A64: 10 | B64: =B63 -> Day 10 | C64: 0.54166667 | D64: Walk around Vienna (Rathaus/City Hall) | I64: =Austria!$H64*1.47 -> 0 | K64: =Austria!$J64*1.47 -> 0
A65: 10 | B65: =B64 -> Day 10 | C65: 0.58333333 | D65: Upper Belvedere Palace (9am-6pm) | E65: Activity | F65: 25min transit | H65: 17.5 | I65: =Austria!$H65*1.47 -> 25.725 | K65: =Austria!$J65*1.47 -> 0 | L65: Upper Belvedere Palace 19euros/adult, included with Vienna Pass
A66: 10 | B66: =B65 -> Day 10 | C66: 0.625 | D66: Lower Belvedere Palace (10am-6pm) | E66: Activity | F66: 10min walk | H66: 15.6 | I66: =Austria!$H66*1.47 -> 22.932 | K66: =Austria!$J66*1.47 -> 0 | L66: Lower Belvedere Palace 15.60euros/adult, included with Vienna Pass
A67: 10 | B67: =B66 -> Day 10 | C67: 0.66666667 | I67: =Austria!$H67*1.47 -> 0 | K67: =Austria!$J67*1.47 -> 0
A68: 10 | B68: =B67 -> Day 10 | C68: 0.70833333 | I68: =Austria!$H68*1.47 -> 0 | K68: =Austria!$J68*1.47 -> 0
A69: 10 | B69: =B68 -> Day 10 | C69: 0.75 | D69: Dinner Uni Cafe - Alter Ego (Closed Sat-Sun, Mon-Fri 3-11pm) (Muh pierogi x 8) | E69: Food | F69: 13min walk | H69: 30 | I69: =Austria!$H69*1.47 -> 44.1 | K69: =Austria!$J69*1.47 -> 0
A70: 10 | B70: =B69 -> Day 10 | C70: 0.79166667 | I70: =Austria!$H70*1.47 -> 0 | K70: =Austria!$J70*1.47 -> 0
A71: 10 | B71: =B70 -> Day 10 | C71: 0.83333333 | D71: Watch an Orchestra Show at 8:15 pm at Karlskirche | E71: Activity | F71: 3min walk | H71: 35 | I71: =Austria!$H71*1.47 -> 51.45 | K71: =Table_4[[#This Row],[Actual Cost (Euro)]]*1.47 -> 0 | L71: https://www.getyourguide.com/vienna-l7/vienna-concert-vivaldi-s-four-seasons-in-karlskirche-t44883?date_from=2023-12-18&_pc=1,1
A72: 10 | B72: =B71 -> Day 10 | C72: 0.875 | I72: =Austria!$H72*1.47 -> 0 | K72: =Austria!$J72*1.47 -> 0
A73: 10 | B73: =B72 -> Day 10 | C73: 0.91666667 | D73: Hotel Vienna | E73: Accomodation | H73: 115 | I73: =Austria!$H73*1.47 -> 169.05 | K73: =Table_4[[#This Row],[Actual Cost (Euro)]]*1.47 -> 0
A74: 11 | B74: Day 11 | C74: 0.25 | D74: Breakfast (Ströck - Hauptbahnhof 5am-9pm) | E74: Food | H74: 5 | I74: =Austria!$H74*1.47 -> 7.35 | K74: =Austria!$J74*1.47 -> 0
A75: 11 | B75: Day 11 | C75: 0.27083333 | D75: Walk to Vienna Hbf | E75: Travel | F75: 27min tram | H75: 0 | I75: =Austria!$H75*1.47 -> 0 | K75: =Austria!$J75*1.47 -> 0
A76: 11 | B76: =B74 -> Day 11 | C76: 0.29166667 | D76: Travel to Vienna Hbf 7:10am --> Prague Main Station | E76: Travel | F76: 4hr train | H76: 35 | I76: =Austria!$H76*1.47 -> 51.45 | K76: =Austria!$J76*1.47 -> 0 | L76: Purchase online on the OBB website
A77: 11 | B77: =B76 -> Day 11 | C77: 0.33333333 | I77: =Austria!$H77*1.47 -> 0 | K77: =Austria!$J77*1.47 -> 0
A78: 11 | B78: =B77 -> Day 11 | C78: 0.375 | I78: =Austria!$H78*1.47 -> 0 | K78: =Austria!$J78*1.47 -> 0
A79: 11 | B79: =B78 -> Day 11 | C79: 0.41666667 | I79: =Austria!$H79*1.47 -> 0 | K79: =Austria!$J79*1.47 -> 0
A80: Total | H80: =SUM(H8:H79) -> 1034 | I80: =SUM(I8:I79) -> 1519.98 | J80: =SUM(J8:J79) -> 0 | K80: =SUM(K8:K79) -> 0

Sheet Pivot Table 1
A2: Germany
B3: Category | C3: SUM of Budget Cost ($CAD) | D3: SUM of Actual Cost ($CAD) | F3: Day | G3: Sum of Budget Cost ($CAD) | H3: Sum of Actual Cost ($CAD)
B4: Accomodation | C4: 573.3 | D4: 0 | F4: 3 | G4: 230.79 | H4: 0
B5: Activity | C5: 288.12 | D5: 0 | F5: 4 | G5: 363.09 | H5: 0
B6: Food | C6: 260.19 | D6: 0 | F6: 5 | G6: 220.5 | H6: 0
B7: Travel | C7: 80.85 | D7: 0 | F7: 6 | G7: 343.98 | H7: 0
B8: (blank) | C8: 0 | D8: 0 | F8: 7 | G8: 44.1 | H8: 0
B9: Grand Total | C9: 1202.46 | D9: 0 | F9: Grand Total | G9: 1202.46 | H9: 0
A14: Czech Republic
B15: Category | C15: SUM of Budget Cost ($CAD) | D15: SUM of Actual Cost ($CAD) | F15: Day | G15: Sum of Budget Cost ($CAD) | H15: Sum of Actual Cost ($CAD)
B16: Accomodation | C16: 317.4 | D16: 0 | F16: 1 | G16: 1053 | H16: 0
B17: Activity | C17: 153 | D17: 0 | F17: 2 | G17: 299.4 | H17: 0
B18: Food | C18: 78 | D18: 0 | F18: 3 | G18: 34.8 | H18: 0
B19: Travel | C19: 1092 | D19: 0 | F19: 8 | G19: 244.2 | H19: 0
B20: (blank) | C20: 0 | D20: 0 | F20: 9 | G20: 9 | H20: 0
B21: Grand Total | C21: 1640.4 | D21: 0 | F21: Grand Total | G21: 1640.4 | H21: 0
A24: Austria
B25: Category | C25: SUM of Budget Cost ($CAD) | D25: SUM of Actual Cost ($CAD) | F25: Day | G25: Sum of Budget Cost ($CAD) | H25: Sum of Actual Cost ($CAD)
B26: Accomodation | C26: 646.8 | D26: 0 | F26: 7 | G26: 160.965 | H26: 0
B27: Activity | C27: 449.82 | D27: 0 | F27: 8 | G27: 480.69 | H27: 0
B28: Food | C28: 316.05 | D28: 0 | F28: 9 | G28: 404.838 | H28: 0
B29: Travel | C29: 102.165 | D29: 0 | F29: 10 | G29: 377.937 | H29: 0
B30: (blank) | C30: 5.145 | D30: 0 | F30: 11 | G30: 58.8 | H30: 0
B31: Grand Total | C31: 1519.98 | D31: 0 | F31: (blank) | G31: 36.75 | H31: 0
F32: Grand Total | G32: 1519.98 | H32: 0
